 Dungeon Crawl Stone Soup version 0.29.1-15-g9cfb28693d (webtiles) character file.

Game seed: 15391120060501734001

56 jtron the Protected (level 3, 0/28 HPs)
             Began as a Gnoll Wanderer on Mar 20, 2023.
             Succumbed to Sigmund's poison
             ... on level 2 of the Dungeon.
             The game lasted 00:03:16 (2089 turns).

jtron the Protected (Gnoll Wanderer)                Turns: 2089, Time: 00:03:16

Health: 0/28       AC: 11    Str: 13    XL:     3   Next: 97%
Magic:  7/7        EV:  6    Int: 12    God:
Gold:   44         SH:  4    Dex: 10    Spells: 6/7 levels left

rFire   . . .      SeeInvis .   a - +0 club
rCold   . . .      Faith    .   b - +0 buckler
rNeg    . . .      Spirit   .   d - +0 chain mail
rPois   .          Reflect  .   (no helmet)
rElec   .          Harm     .   (no cloak)
rCorr   .          Rampage  .   (no gloves)
Will    .....      Clarity  +   (no boots)
Stlth   ..........              (no amulet)
HPRegen 0.09/turn               (no ring)
MPRegen 0.10/turn               (no ring)

@: lethally poisoned (0 -> -21)
A: fangs 1, strong nose, distributed training, hooves 1, clarity
a: no special abilities


You were on level 2 of the Dungeon.
You visited 1 branch of the dungeon, and saw 2 of its levels.

You collected 44 gold pieces.

Inventory:

Hand Weapons
 a - a +0 club (weapon)
Missiles
 h - 29 stones (quivered)
Armour
 b - a +0 buckler (worn)
 d - a +0 chain mail (worn)
Scrolls
 f - a scroll of magic mapping {unknown}
 g - a scroll of identify {unknown}
 j - a scroll of teleportation {unknown}
Potions
 c - 2 potions of lignification


   Skills:
 + Level 2.7 Fighting
 + Level 1.0 Short Blades
 + Level 1.0 Long Blades
 + Level 1.0 Axes
 + Level 1.0 Maces & Flails
 + Level 1.0 Polearms
 + Level 1.0 Staves
 + Level 1.0 Ranged Weapons
 + Level 1.0 Throwing
 + Level 8.5 Armour
 + Level 2.7 Dodging
 + Level 1.0 Stealth
 + Level 2.7 Shields
 + Level 1.0 Unarmed Combat
 + Level 2.9 Spellcasting
 + Level 0.7 Conjurations
 + Level 0.7 Hexes
 + Level 0.7 Summonings
 + Level 0.7 Necromancy
 + Level 0.7 Translocations
 + Level 2.2 Transmutations
 + Level 0.7 Fire Magic
 + Level 0.7 Ice Magic
 + Level 0.7 Air Magic
 + Level 0.7 Earth Magic
 + Level 0.7 Poison Magic
 + Level 1.1 Invocations
 + Level 2.7 Evocations


You had 6 spell levels left.
You knew the following spells:

 Your Spells              Type           Power      Damage    Failure   Level
a - Beastly Appendage     Tmut           14%        N/A       95%         1

Your spell library contained the following spells:

 Spells                   Type           Power      Damage    Failure   Level
 Blink                    Tloc           6%         N/A       100%        2
 Spider Form              Tmut/Pois      5%         N/A       100%        3
 Manifold Assault         Tloc           3%         N/A       100%        5
 Storm Form               Tmut/Air       2%         N/A       100%        7


Dungeon Overview and Level Annotations

Branches:
Dungeon (2/15)

Altars:

Annotations:
D:2 Sigmund


Innate Abilities, Weirdness & Mutations

You have very sharp teeth.
Your uncanny sense of smell can sniff out nearby items.
Your experience applies equally to all skills.
You have large cloven feet.
You possess an exceptional clarity of mind.


Message History

You are too injured to fight recklessly!
You are too injured to fight recklessly!
You are too injured to fight recklessly!
You hit the worm.
You kill the worm!
You start resting.
HP restored.
Found a short sword.
You open the door.
There is an open door here.
Sigmund the Dreaded comes into view.
He is wielding a +1 scythe of venom.
It was a potion of heal wounds.
You feel much better.
Sigmund hits you with a +1 scythe of venom!
You hit Sigmund but do no damage. You barely miss Sigmund.
Sigmund closely misses you.
You hit Sigmund but do no damage. Sigmund casts a spell at you.
You are confused.
Sigmund hits you with a +1 scythe of venom.
You are poisoned.
You barely miss Sigmund.
You feel very sick.
You feel much better.
You feel sick. Sigmund hits you but does no damage.
Sigmund attacks as you move away!
Sigmund hits you with a +1 scythe of venom!
You are more poisoned.
You feel very sick.
You feel very sick. Sigmund hits you but does no damage.
You are lethally poisoned!
You hit Sigmund.
Sigmund is lightly wounded.
* * * LOW HITPOINT WARNING * * *
You feel very sick.
Sigmund hits you with a +1 scythe of venom.
* * * LOW HITPOINT WARNING * * *
You are more poisoned.
It was a potion of mutation.
You feel extremely strange.
Your thoughts seem clearer.
Your feet thicken and deform.
You feel less confused.
You die...

#...... #.... ####...... #.#.#
......... #.#.# .....#.# #.#.#
....#.##########.#.#
...#.##............ #.#
#.##.##.#######.#.# #.# #@##'##.#
#.#.. #.# #.@.....#######.### #.#
#.......##......... #∆ #.#
#.................. ##. #.#
#.......##.........
...#####.######.#..........####'#
........<............)...........
#.........###..#..#######......#
#.........# #..#..##############
##...†....# #..#..#.............


You could see Sigmund.

Vanquished Creatures
  A worm (D:2)
  2 dart slugs (D:1)
  11 ball pythons
  4 bats
  5 endoplasms
  A giant cockroach (D:1)
  2 goblins (D:1)
  2 hobgoblins (D:1)
  6 kobolds
  3 quokkas
  4 frilled lizards
  5 rats
46 creatures vanquished.

Notes
Turn   | Place    | Note
-------+----------+-------------------------------------------
     0 | D:1      | jtron the Gnoll Wanderer began the quest for the Orb.
     0 | D:1      | jtron set off with the following items: a +0 club, a +0
                  | buckler, a potion of lignification, a +0 chain mail; and
                  | the following spell memorised: Beastly Appendage; and the
                  | following spells available to memorise: Spider Form.
     0 | D:1      | Reached XP level 1. HP: 17/17 MP: 4/4
   208 | D:1      | Reached XP level 2. HP: 22/23 MP: 5/5
   830 | D:1      | Reached XP level 3. HP: 28/28 MP: 7/7
  1154 | D:1      | Reached skill level 1 in Invocations
  1541 | D:2      | Found a faded altar of an unknown god.
  1580 | D:2      | Reached skill level 1 in Short Blades
  1580 | D:2      | Reached skill level 1 in Long Blades
  1580 | D:2      | Reached skill level 1 in Axes
  1580 | D:2      | Reached skill level 1 in Maces & Flails
  1580 | D:2      | Reached skill level 1 in Polearms
  1580 | D:2      | Reached skill level 1 in Staves
  1580 | D:2      | Reached skill level 1 in Ranged Weapons
  1580 | D:2      | Reached skill level 1 in Throwing
  1580 | D:2      | Reached skill level 1 in Stealth
  1580 | D:2      | Reached skill level 1 in Unarmed Combat
  2074 | D:2      | Noticed Sigmund
  2089 | D:2      | Gained mutation: You possess an exceptional clarity of
                  | mind. [potion of mutation]
  2089 | D:2      | Gained mutation: You have large cloven feet. [potion of
                  | mutation]
  2089 | D:2      | Succumbed to Sigmund's poison

Illustrated notes

Levels and vault maps discovered:
D:1:      sevenhm_arrival_forest_fort_small_5, layout_basic
D:2:      layout_basic, basic_ecumenical_altar, uniq_sigmund

Skill      XL: |  1  2  3 |
---------------+----------+-----
Transmutations | 2 |  2.2
Invocations    | 1 |  1.1
Short Blades   | 1 |  1.0
Long Blades    | 1 |  1.0
Axes           | 1 |  1.0
Maces & Flails | 1 |  1.0
Polearms       | 1 |  1.0
Staves         | 1 |  1.0
Ranged Weapons | 1 |  1.0
Throwing       | 1 |  1.0
Stealth        | 1 |  1.0
Unarmed Combat | 1 |  1.0
Fighting       | |  2.7
Armour         | |  8.5
Dodging        | |  2.7
Shields        | |  2.7
Spellcasting   | |  2.9
Conjurations   | |  0.7
Hexes          | |  0.7
Summonings     | |  0.7
Necromancy     | |  0.7
Translocations | |  0.7
Fire Magic     | |  0.7
Ice Magic      | |  0.7
Air Magic      | |  0.7
Earth Magic    | |  0.7
Poison Magic   | |  0.7
Evocations     | |  2.7

Action                   || total
-------------------------++-------
Melee: Club              ||   189
       Bite              ||    13
Throw: Stone             ||     5
  Use: Potion            ||     3
Armor: Chain mail        ||   139
Dodge: Dodged            ||    60
Block: Buckler           ||    30
